| TOP OF THE 1ST |
|
Louisiana State University Tigers batting - Pitching for University of Conneticut Huskies : LHP Willie Rivera
|
|
Pitching: LHP Willie Rivera
|
|
|
Batting: SHB Jose Melendez
|
0-0: Ball 1-0: Foul Ball, location: 2F 1-1: Ball 2-1: SINGLE (Groundball, 34D, EV 102.5 MPH)
|
|
Batting: RHB Fate Makeever
|
0-0: Fly out, F8 (Flyball, 78M, EV 89.4 MPH)
|
|
Batting: RHB Alberto Bravo
|
0-0: Ball 1-0: Foul Ball, location: 2F 1-1: Ball 2-1: Fielders Choice at 2nd, 6-4 (Groundball, 6S, EV 83.8 MPH)
|
|
Batting: LHB Bob Govella
|
0-0: Ball 1-0: Fielders Choice at 2nd, 5-4 (Groundball, 56, EV 92.5 MPH)
|
| Top of the 1st over - 0 runs, 1 hit, 0 errors, 1 left on base; Louisiana State University 0 - University of Conneticut 0 |
| BOTTOM OF THE 1ST |
|
University of Conneticut Huskies batting - Pitching for Louisiana State University Tigers : RHP Ryan Van Riper
|
|
Pitching: RHP Ryan Van Riper
|
|
|
Batting: RHB Mario Verduzco
|
0-0: Ball 1-0: Called Strike 1-1: Foul Ball, location: 2F 1-2: Ball 2-2: Fly out, F2 (Popup, 13S, EV 80.0 MPH)
|
|
Batting: LHB Nick Rooney
|
0-0: Called Strike 0-1: Ball 1-1: DOUBLE (Line Drive, 89M, EV 110.0 MPH)
|
|
Batting: RHB Bill Stern
|
0-0: Ball 1-0: Swinging Strike 1-1: Foul Ball, location: 2F 1-2: Strikes out swinging
|
|
Batting: LHB Bill Kovac
|
0-0: Fly out, F8 (Line Drive, 8LXD, EV 103.1 MPH)
|
| Bottom of the 1st over - 0 runs, 1 hit, 0 errors, 1 left on base; Louisiana State University 0 - University of Conneticut 0 |
| TOP OF THE 2ND |
|
Louisiana State University Tigers batting - Pitching for University of Conneticut Huskies : LHP Willie Rivera
|
|
Batting: RHB David Lobacz
|
0-0: Ball 1-0: Ball 2-0: Foul Ball, location: 2F 2-1: SINGLE (Groundball, 56D, EV 105.0 MPH)
|
|
Batting: RHB Jwahir Pili
|
0-0: Grounds into double play, 5-4-3 (Groundball, 5S, EV 81.9 MPH)
|
|
Batting: SHB Emmet Brickowski
|
0-0: Ball 1-0: Ball 2-0: SINGLE (Line Drive, 78M, EV 98.1 MPH)
|
|
Batting: RHB Dennis Cox
|
0-0: Ball 1-0: Called Strike 1-1: Fielders Choice at 2nd, 6-4 (Groundball, 6, EV 81.3 MPH)
|
| Top of the 2nd over - 0 runs, 2 hits, 0 errors, 1 left on base; Louisiana State University 0 - University of Conneticut 0 |
| BOTTOM OF THE 2ND |
|
University of Conneticut Huskies batting - Pitching for Louisiana State University Tigers : RHP Ryan Van Riper
|
|
Batting: RHB Preston Hill
|
0-0: Ground out 4-3 (Groundball, 4, EV 79.4 MPH)
|
|
Batting: RHB Edwin Bejarano
|
0-0: Called Strike 0-1: Ball 1-1: Fly out, F7 (Flyball, 78S, EV 84.4 MPH)
|
|
Batting: RHB Chris Bejarano
|
0-0: Swinging Strike 0-1: Foul Ball, location: 2F 0-2: Strikes out swinging
|
| Bottom of the 2nd over - 0 runs, 0 hits, 0 errors, 0 left on base; Louisiana State University 0 - University of Conneticut 0 |
| TOP OF THE 3RD |
|
Louisiana State University Tigers batting - Pitching for University of Conneticut Huskies : LHP Willie Rivera
|
|
Batting: RHB Franklin van den Berg
|
0-0: Ball 1-0: Called Strike 1-1: Swinging Strike 1-2: Foul Ball, location: 2F 1-2: Strikes out swinging
|
|
Batting: SHB Jose Melendez
|
0-0: Ball 1-0: Ground out 5-3 (Groundball, 5, EV 87.5 MPH)
|
|
Batting: RHB Fate Makeever
|
0-0: Ground out U3 (Groundball, 3S, EV 89.4 MPH)
|
| Top of the 3rd over - 0 runs, 0 hits, 0 errors, 0 left on base; Louisiana State University 0 - University of Conneticut 0 |
| BOTTOM OF THE 3RD |
|
University of Conneticut Huskies batting - Pitching for Louisiana State University Tigers : RHP Ryan Van Riper
|
|
Batting: RHB Hector Barajas
|
0-0: SINGLE (Groundball, 56S, EV 69.4 MPH) (infield hit)
|
|
Batting: RHB Hector Tabares
|
0-0: Ball 1-0: Called Strike 1-1: Foul Ball, location: 2F 1-2: Strikes out looking
|
|
Batting: RHB Mario Verduzco
|
0-0: Called Strike 0-1: Called Strike 0-2: Grounds out, U3 (Groundball, 3L, EV 106.9 MPH)
|
|
Batting: LHB Nick Rooney
|
0-0: Called Strike 0-1: Ball 1-1: Fly out, F8 (Flyball, 8LM, EV 89.4 MPH)
|
| Bottom of the 3rd over - 0 runs, 1 hit, 0 errors, 1 left on base; Louisiana State University 0 - University of Conneticut 0 |
| TOP OF THE 4TH |
|
Louisiana State University Tigers batting - Pitching for University of Conneticut Huskies : LHP Willie Rivera
|
|
Batting: RHB Alberto Bravo
|
0-0: Ball 1-0: Foul Ball, location: 2F 1-1: Swinging Strike 1-2: Ball 2-2: Ball 3-2: DOUBLE (Flyball, 8RXD, EV 89.4 MPH)
|
|
Batting: LHB Bob Govella
|
0-0: Ball 1-0: Foul Ball, location: 2F 1-1: Swinging Strike 1-2: Strikes out swinging
|
|
Batting: RHB David Lobacz
|
0-0: Called Strike 0-1: Ball 1-1: Ball 2-1: Ball Wild Pitch! Alberto Bravo to third 3-1: Base on Balls
|
|
Batting: RHB Jwahir Pili
|
0-0: Called Strike 0-1: Ball 1-1: Ball 2-1: SINGLE (Groundball, 6MD, EV 104.4 MPH) Alberto Bravo scores David Lobacz to second
|
|
Batting: SHB Emmet Brickowski
|
0-0: Foul Ball, location: 2F 0-1: Ball 1-1: Fly out, F3 (Flyball, 3D, EV 90.6 MPH)
|
|
Batting: RHB Dennis Cox
|
0-0: SINGLE (Line Drive, 6MD, EV 98.8 MPH) David Lobacz to third Jwahir Pili to second Runner from 3rd tries for Home, throw by CF and OUT! 8-2
|
| Top of the 4th over - 1 run, 3 hits, 0 errors, 2 left on base; Louisiana State University 1 - University of Conneticut 0 |
| BOTTOM OF THE 4TH |
|
University of Conneticut Huskies batting - Pitching for Louisiana State University Tigers : RHP Ryan Van Riper
|
|
Batting: RHB Bill Stern
|
0-0: Ball 1-0: Ball 2-0: DOUBLE (Flyball, 8LXD, EV 100.6 MPH)
|
|
Batting: LHB Bill Kovac
|
0-0: Fly out, F6 (Flyball, 5D, EV 85.0 MPH)
|
|
Batting: RHB Preston Hill
|
0-0: Foul Ball, location: 2F 0-1: Foul Ball, location: 2F 0-2: Ball 1-2: SINGLE (Groundball, 4MD, EV 96.3 MPH) Bill Stern to third Runner from 3rd tries for Home, SAFE, throw by CF to home
|
|
Batting: RHB Edwin Bejarano
|
0-0: Foul Ball, location: 2F 0-1: Ball 1-1: Foul Ball, location: 2F 1-2: Foul Ball, location: 2F 1-2: Ball 2-2: Ground out 4-3 (Groundball, 4MS, EV 72.5 MPH) Preston Hill to second
|
|
Batting: RHB Chris Bejarano
|
0-0: Called Strike 0-1: Swinging Strike 0-2: Ball 1-2: Strikes out swinging
|
| Bottom of the 4th over - 1 run, 2 hits, 0 errors, 1 left on base; Louisiana State University 1 - University of Conneticut 1 |
| BOTTOM OF THE 5TH |
|
University of Conneticut Huskies batting - Pitching for Louisiana State University Tigers : RHP Ryan Van Riper
|
|
Batting: RHB Hector Barajas
|
0-0: Called Strike 0-1: Called Strike 0-2: Foul Ball, location: 2F 0-2: Strikes out looking
|
|
Batting: RHB Hector Tabares
|
0-0: Ball 1-0: Swinging Strike 1-1: Ball 2-1: Foul Ball, location: 2F 2-2: Foul Ball, location: 2F 2-2: Foul Ball, location: 2F 2-2: Strikes out swinging
|
|
Batting: RHB Mario Verduzco
|
0-0: Ball 1-0: Foul Ball, location: 2F 1-1: Ball 2-1: Swinging Strike 2-2: Foul Ball, location: 2F 2-2: Ball 3-2: Strikes out swinging
|
| Bottom of the 5th over - 0 runs, 0 hits, 0 errors, 0 left on base; Louisiana State University 3 - University of Conneticut 1 |
| TOP OF THE 6TH |
|
Louisiana State University Tigers batting - Pitching for University of Conneticut Huskies : LHP Willie Rivera
|
|
Pitching: RHP Yoshiaki Tokunaga
|
|
|
Batting: RHB Jwahir Pili
|
0-0: Called Strike 0-1: Ball 1-1: Ball 2-1: Swinging Strike 2-2: Ball 3-2: Foul Ball, location: 2F 3-2: Ground out 5-3 (Groundball, 5S, EV 88.8 MPH)
|
|
Batting: SHB Emmet Brickowski
|
0-0: Ball 1-0: SINGLE (Line Drive, 56D, EV 98.8 MPH)
|
|
Batting: RHB Dennis Cox
|
0-0: Called Strike 0-1: Ball 1-1: Fielders Choice at 2nd, 5-4 (Groundball, 56, EV 97.5 MPH)
|
|
Batting: RHB Franklin van den Berg
|
0-0: Called Strike 0-1: Foul Ball, location: 2F 0-2: Ball Dennis Cox steals 2nd base 1-2: Ground out 5-3 (Groundball, 5, EV 101.9 MPH)
|
| Top of the 6th over - 0 runs, 1 hit, 0 errors, 1 left on base; Louisiana State University 3 - University of Conneticut 1 |
| BOTTOM OF THE 6TH |
|
University of Conneticut Huskies batting - Pitching for Louisiana State University Tigers : RHP Ryan Van Riper
|
|
Batting: LHB Nick Rooney
|
0-0: Ball 1-0: Called Strike 1-1: Ball 2-1: Called Strike 2-2: DOUBLE (Line Drive, 89D, EV 101.9 MPH)
|
|
Batting: RHB Bill Stern
|
0-0: Ball 1-0: Called Strike 1-1: Ball 2-1: Fly out, F9 (Flyball, 9LS, EV 93.1 MPH)
|
|
Pitching: RHP Jon Spears
|
|
|
Pinch Hitting: LHB Fumito Sakurai
|
0-0: Called Strike 0-1: Called Strike 0-2: Ball 1-2: Foul Ball, location: 2F 1-2: Foul Ball, location: 2F 1-2: Strikes out swinging
|
|
Pinch Hitting: LHB Alex Ordonez
|
0-0: Called Strike 0-1: Ball 1-1: Called Strike 1-2: Fly out, F7 (Flyball, 7, EV 95.6 MPH)
|
| Bottom of the 6th over - 0 runs, 1 hit, 0 errors, 1 left on base; Louisiana State University 3 - University of Conneticut 1 |
| TOP OF THE 7TH |
|
Louisiana State University Tigers batting - Pitching for University of Conneticut Huskies : RHP Yoshiaki Tokunaga
|
|
Now in LF: Fumito Sakurai
|
|
|
Now in RF: Alex Ordonez
|
|
|
Batting: SHB Jose Melendez
|
0-0: Called Strike 0-1: Ball 1-1: Foul Ball, location: 2F 1-2: Ground out 4-3 (Groundball, 4D, EV 87.5 MPH)
|
|
Batting: RHB Fate Makeever
|
0-0: Called Strike 0-1: Ball 1-1: Swinging Strike 1-2: Foul Ball, location: 2F 1-2: Strikes out swinging
|
|
Batting: RHB Alberto Bravo
|
0-0: Foul Ball, location: 2F 0-1: Foul Ball, location: 2F 0-2: Strikes out swinging
|
| Top of the 7th over - 0 runs, 0 hits, 0 errors, 0 left on base; Louisiana State University 3 - University of Conneticut 1 |
| BOTTOM OF THE 7TH |
|
University of Conneticut Huskies batting - Pitching for Louisiana State University Tigers : RHP Jon Spears
|
|
Pinch Hitting: LHB Mario Cornejo
|
0-0: Ball 1-0: Ball 2-0: Fly out, F9 (Flyball, 9, EV 94.4 MPH)
|
|
Pinch Hitting: SHB Matt Boeckman
|
0-0: Swinging Strike 0-1: Foul Ball, location: 2F 0-2: Ball 1-2: Ball 2-2: SINGLE (Groundball, 4D, EV 103.1 MPH)
|
|
Batting: RHB Hector Barajas
|
0-0: Called Strike 0-1: Ball 1-1: Swinging Strike 1-2: Strikes out swinging
|
|
Pinch Hitting: RHB Kelly Hinckle
|
0-0: Ball 1-0: Foul Ball, location: 2F 1-1: Foul Ball, location: 2F 1-2: Ball 2-2: Foul Ball, location: 2F 2-2: Foul Ball, location: 2F 2-2: Foul Ball, location: 2F 2-2: Strikes out swinging
|
| Bottom of the 7th over - 0 runs, 1 hit, 0 errors, 1 left on base; Louisiana State University 3 - University of Conneticut 1 |
| TOP OF THE 8TH |
|
Louisiana State University Tigers batting - Pitching for University of Conneticut Huskies : RHP Yoshiaki Tokunaga
|
|
Pitching: LHP Josh Hubbard
|
|
|
Now at 3B: Jose Aguiniga
|
|
|
Now at SS: Josh LaBree
|
|
|
Now in CF: Kelly Hinckle
|
|
|
Batting: LHB Bob Govella
|
0-0: Fly out, F5 (Popup, 5S, EV 85.6 MPH)
|
|
Batting: RHB David Lobacz
|
0-0: Called Strike 0-1: Foul Ball, location: 2F 0-2: Strikes out looking
|
|
Batting: RHB Jwahir Pili
|
0-0: Called Strike 0-1: Foul Ball, location: 2F 0-2: Foul Ball, location: 2F 0-2: Foul Ball, location: 2F 0-2: Ball 1-2: Ball 2-2: Strikes out swinging
|
| Top of the 8th over - 0 runs, 0 hits, 0 errors, 0 left on base; Louisiana State University 3 - University of Conneticut 1 |
| BOTTOM OF THE 8TH |
|
University of Conneticut Huskies batting - Pitching for Louisiana State University Tigers : RHP Jon Spears
|
|
Pitching: LHP Carlos Munoz
|
|
|
Now at 3B: Fernando Membreno
|
|
|
Now at SS: Jwahir Pili
|
|
|
Batting: RHB Mario Verduzco
|
0-0: Ball 1-0: Called Strike 1-1: Called Strike 1-2: Strikes out swinging
|
|
Batting: LHB Nick Rooney
|
0-0: Ball 1-0: Called Strike 1-1: Ball 2-1: Ball 3-1: Base on Balls
|
|
Batting: RHB Bill Stern
|
0-0: Ball 1-0: Ball 2-0: Ball 3-0: Called Strike 3-1: Swinging Strike 3-2: Foul Ball, location: 2F 3-2: Foul Ball, location: 2F 3-2: Base on Balls Nick Rooney to second
|
|
Pinch Hitting: RHB Brendan Garoutte
|
0-0: Foul Ball, location: 2F 0-1: SINGLE (Line Drive, 8LS, EV 96.9 MPH) Nick Rooney to third Bill Stern to second
|
|
Batting: LHB Alex Ordonez
|
0-0: Ball 1-0: Foul Ball, location: 2F 1-1: Ball 2-1: Fly out, F9 (Flyball, 9LS, EV 81.3 MPH)
|
|
Pitching: RHP Jesus Castro
|
|
|
Pinch Hitting: LHB Jeremy Lynch
|
0-0: Foul Ball, location: 2F 0-1: Ball Passed Ball! Nick Rooney scores Bill Stern to third Brendan Garoutte to second 1-1: Ball 2-1: Foul Ball, location: 2F 2-2: Foul Ball, location: 2F 2-2: Strikes out looking
|
| Bottom of the 8th over - 1 run, 1 hit, 0 errors, 2 left on base; Louisiana State University 3 - University of Conneticut 2 |
| TOP OF THE 9TH |
|
Louisiana State University Tigers batting - Pitching for University of Conneticut Huskies : LHP Josh Hubbard
|
|
Now at 3B: Devon House
|
|
|
Now in LF: Jeremy Lynch
|
|
|
Batting: SHB Emmet Brickowski
|
0-0: Ball 1-0: Ball 2-0: Ball 3-0: Base on Balls
|
|
Batting: RHB Fernando Membreno
|
0-0: Ball 1-0: Swinging Strike 1-1: Ball 2-1: Ball 3-1: Called Strike 3-2: Foul Ball, location: 2F 3-2: Foul Ball, location: 2F 3-2: Ground out 6-3 (Groundball, 6M, EV 105.6 MPH) Emmet Brickowski to second
|
|
Batting: RHB Franklin van den Berg
|
0-0: Called Strike 0-1: Swinging Strike 0-2: Strikes out swinging
|
|
Batting: SHB Jose Melendez
|
0-0: Called Strike 0-1: Called Strike 0-2: Strikes out swinging
|
| Top of the 9th over - 0 runs, 0 hits, 0 errors, 1 left on base; Louisiana State University 3 - University of Conneticut 2 |
| BOTTOM OF THE 9TH |
|
University of Conneticut Huskies batting - Pitching for Louisiana State University Tigers : RHP Jesus Castro
|
|
Pitching: RHP Melvin Pena
|
|
|
Pinch Hitting: LHB Yuki Uzuhara
|
0-0: Ball 1-0: Foul Ball, location: 2F 1-1: Foul Ball, location: 2F 1-2: Fly out, F8 (Flyball, 8RM, EV 88.1 MPH)
|
|
Batting: RHB Hector Barajas
|
0-0: Ball 1-0: Called Strike 1-1: Ball 2-1: Fly out, F6 (Flyball, 56D, EV 84.4 MPH)
|
|
Batting: RHB Kelly Hinckle
|
0-0: Ball 1-0: Fly out, F6 (Flyball, 6D, EV 80.6 MPH)
|
| Bottom of the 9th over - 0 runs, 0 hits, 0 errors, 0 left on base; Louisiana State University 3 - University of Conneticut 2 |
|